 Dungeon Crawl Stone Soup version 0.31.0-12-g77e489cdc1 (webtiles) character file.

Game seed: 5045536327462440542

468 Doomgape the Covered (level 7, -4/45 HPs)
             Began as a Gargoyle Fighter on Mar 1, 2024.
             Was an Initiate of Hepliaklqana.
             Slain by a two-headed ogre
             ... wielding a +0 giant club
              (23 damage)
             ... on level 5 of the Dungeon.
             The game lasted 00:08:16 (3411 turns).

Doomgape the Covered (Gargoyle Fighter)             Turns: 3411, Time: 00:08:17

Health: -4/45      AC: 17    Str: 22    XL:     7   Next: 8%
Magic:  7/7        EV:  8    Int:  8    God:    Hepliaklqana [......]
Gold:   230        SH:  4    Dex:  9    Spells: 6/6 levels left

rFire   . . .        a - +0 flail
rCold   . . .        c - +0 buckler
rNeg    + . .        n - +0 chain mail
rPois   ∞            i - +1 helmet
rElec   +            (no cloak)
rCorr   .            (no gloves)
SInv    .            (no boots)
Will    .....        (no amulet) Stlth
                     (no ring)
HPRegen 0.27/turn    (no ring)
MPRegen 0.10/turn

%: no passive effects
@: studying Armour
A: sickness immunity, AC +4, negative energy resistance 1, electricity
resistance, torment resistance 1, petrification resistance
a: Renounce Religion


You were on level 5 of the Dungeon.
You worshipped Hepliaklqana.
Hepliaklqana was noncommittal.
You visited 2 branches of the dungeon, and saw 6 of its levels.

You collected 230 gold pieces.

Inventory:

Hand Weapons
 a - a +0 flail (weapon)
Armour
 c - a +0 buckler (worn)
 i - a +1 helmet (worn)
 n - a +0 chain mail (worn)
Jewellery
 b - an amulet of the acrobat
 j - a ring of resist corrosion
Scrolls
 f - a scroll of identify
 k - 2 scrolls of teleportation
 o - a scroll of fog
Potions
 d - a potion of curing {unknown}
 e - a potion of haste {unknown}
 g - 5 potions of mutation
 h - a potion of attraction {unknown}
 l - 2 potions of invisibility
 m - a potion of resistance {unknown}
 p - 2 potions of heal wounds
 q - a potion of enlightenment


   Skills:
 + Level 5.6 Fighting
 + Level 4.4 Maces & Flails
 + Level 7.0 Armour
 - Level 3.2 Shields


You had 6 spell levels left.
You didn't know any spells.
Your spell library contained the following spells:

 Spells                   Type           Power      Damage    Failure   Level
 Ensorcelled Hibernation  Hex/Ice        0%         N/A       99%         2
 Mercury Vapours          Alch/Air       0%         N/A       99%         2
 Mephitic Cloud           Conj/Alch/Air  0%         N/A       100%        3
 Passwall                 Erth           0%         N/A       100%        3
 Swiftness                Air            0%         N/A       100%        3
 Freezing Cloud           Conj/Ice/Air   0%         6-21      100%        5


Dungeon Overview and Level Annotations

Branches:
Dungeon (5/15)             Temple (1/1) D:4

Altars:
Ashenzari
Cheibriados
Dithmenos
Elyvilon
Fedhas
Gozag
Hepliaklqana
Makhleb
Okawaru
Qazlal
Sif Muna
Uskayaw
Wu Jian
Xom
Yredelemnul
Zin

Shops:
D:1 [   D:2 =


Innate Abilities, Weirdness & Mutations

You are immune to sickness and miasma.
Your stone body is resilient. (AC +4)
You are immune to poison.
You resist negative energy. (rN+)
You are resistant to electric shocks. (rElec)
You are resistant to unholy torment.
You are immune to petrification.


Message History

Items here: ))) [[ †.
Found a scroll labelled FELOS KUSKAIM.
r - a scroll labelled FELOS KUSKAIM
As you read the scroll labelled FELOS KUSKAIM, it crumbles to dust.
You assume a fearsome visage.
Nothing appears to happen.
It was a scroll of fear.
An orc, an adder, a sleepcap and a two-headed ogre come into view.
The orc shouts!
The two-headed ogre shouts in stereo!
A gnoll comes into view. It is wielding a +0 halberd.
There are monsters nearby!
Okay, then.
Okay, then.
Okay, then.
You sock the orc!
You kill the orc!
The adder closely misses you.
You hit the adder.
The adder is lightly wounded.
The adder barely misses you.
You closely miss the adder.
The adder is lightly wounded.
The adder bites you but does no damage. You block the adder's attack.
You barely miss the adder.
The adder is lightly wounded.
You block the adder's attack.
You closely miss the adder.
The adder is lightly wounded.
The adder bites you but does no damage.
You hit the two-headed ogre.
The two-headed ogre is lightly wounded.
The two-headed ogre hits you with a +0 giant club! x2
You barely miss the two-headed ogre. You hit the two-headed ogre.
The two-headed ogre is lightly wounded.
The two-headed ogre barely misses you. x2
You thump the two-headed ogre!
The two-headed ogre is moderately wounded.
The two-headed ogre hits you with a +0 giant club!!
Ouch! That really hurt!
You die...

...#.#........## ##.#
.#...########..###..#
.....# #...#.#.# .#.###
#..#..#.# ...#######
#.......# .#.#)....#
##......#
...#.....########.###
###)).>........##.#
#.......###.SO@.#
#.......###f#####
#.##......#..o..#
#.####..#.#..#S....#
###.......#.#..#.###..#
#.......)...##.#.. .
#.#.###......#.##S.
#.#.##.......#.. .f.
#.#..........##. #O..


You could see a two-headed ogre, a sleepcap and an adder.

Vanquished Creatures
  An ogre (D:4)
  A scorpion (D:4)
  2 hounds
  2 orc priests (D:5)
  An iguana (D:4)
  2 orc wizards (D:5)
  3 adders
  2 ufetubi (D:5)
  4 dart slugs
  A ribbon worm (D:2)
  8 orcs
  6 ball pythons
  5 endoplasms
  3 giant cockroaches
  5 goblins
  3 hobgoblins
  7 jackals
  3 quokkas
  6 bats
  6 kobolds
  6 rats
77 creatures vanquished.

Notes
Turn   | Place    | Note
-------+----------+-------------------------------------------
     0 | D:1      | Doomgape the Gargoyle Fighter began the quest for the Orb.
     0 | D:1      | Reached XP level 1. HP: 14/14 MP: 1/1
   288 | D:1      | Found Seikeb's Armour Shop.
   324 | D:1      | Reached XP level 2. HP: 19/19 MP: 2/2
   650 | D:1      | Found a faded altar of an unknown god.
   935 | D:2      | Reached XP level 3. HP: 24/24 MP: 3/3
  1020 | D:2      | Reached skill level 4 in Armour
  1302 | D:2      | Found Dopteipn's Jewellery Emporium.
  1802 | D:3      | Reached XP level 4. HP: 28/29 MP: 4/4
  2244 | D:4      | Noticed a scorpion
  2257 | D:4      | Killed a scorpion
  2258 | D:4      | Reached skill level 5 in Armour
  2258 | D:4      | Reached XP level 5. HP: 24/34 MP: 5/5
  2541 | D:4      | Found a shimmering altar of Xom.
  2960 | D:4      | Found a staircase to the Ecumenical Temple.
  2981 | D:4      | Noticed an ogre
  2998 | Temple   | Entered the Ecumenical Temple
  3003 | Temple   | Became a worshipper of Hepliaklqana the Forgotten
  3019 | D:4      | Killed an ogre
  3020 | D:4      | Reached skill level 5 in Fighting
  3020 | D:4      | Reached skill level 6 in Armour
  3020 | D:4      | Reached XP level 6. HP: 40/40 MP: 6/6
  3079 | D:5      | Entered Level 5 of the Dungeon
  3184 | D:5      | Reached XP level 7. HP: 23/44 MP: 7/7
  3195 | D:5      | Reached skill level 7 in Armour
  3396 | D:5      | Noticed a two-headed ogre
  3411 | D:5      | Slain by a two-headed ogre

Illustrated notes

Levels and vault maps discovered:
D:1:      lemuel_arrival_cross, layout_loops_cross, serial_shops, shop,
          chequers_ecumenical_altar_island, hangedman_decor_clover_reticule
D:2:      layout_loops_ring, serial_shops, shop, nrook_mini_vaults,
          chequers_mini_garden
D:3:      layout_basic
D:4:      layout_basic, xom_teletrap_fun, minmay_temple_entry_nine_rooms,
          kennysheep_generic_room_13
D:5:      minmay_evil_eye, layout_loops_cross,
          mainiacjoe_overflow_six_doors_small, serial_shops, shop, serial_glass,
          glass_columns_b, glass_columns_b, glass_columns_b, glass_columns_a,
          glass_columns_b, glass_columns_a, glass_columns_a, glass_columns_a,
          minmay_between
Temple:   minmay_freezing_vapour_temple

Skill      XL: |  1  2  3  4  5  6  7 |
---------------+----------------------+-----
Armour         | 4 5 6 7 |  7.0
Fighting       | 4 5 |  5.6
Maces & Flails | 3 4 |  4.4
Shields        | |  3.2

Action                     |  1- 3 |  4- 6 |  7- 9 || total
---------------------------+-------+-------+-------++-------
  Melee: Flail             |   128 |   130 |    30 ||   288
    Use: Scroll            |     7 |     3 |     1 ||    11
         Potion            |       |     2 |       ||     2
   Stab: Invisible         |       |     1 |       ||     1
 Armour: Scale mail        |   116 |    19 |       ||   135
         Chain mail        |       |    98 |    55 ||   153
  Dodge: Dodged            |    88 |    81 |    31 ||   200
  Block: Buckler           |    31 |    33 |    13 ||    77
